AoeStats
← varunalur2879

Pilgrims

509514069Analyzed
4v4 RM · 6d ago on Sep 27, 2026· 59m 16s· 8 players
Game mode
Random Map
Map size
Large (8 player)
Population
200
Speed
Normal
Resources
Standard
Victory
Conquest
Starting age
Dark Age
Ending age
Imperial Age
RankedLock teamsTeams togetherTeam positionsShared explorationLock speedFull tech treeHidden civsTurbo modeCheats
Victory
Defeat
🇺🇸 Spanish · United States
1431
+18
🇧🇷 Teutons · Brazil
1426
+18
🇧🇷 Varangians · Brazil
1422
+18
🇮🇳 Danes · India
1381
+19
🇺🇸 Malians · United States
1512
-21
1468
-18
🇨🇦 Dravidians · Canada
1443
-17
🇺🇸 Bengalis · United States
1434
-17
varunalur2879
1:21 Loom
10:05 Feudal Age
10:51 Fishing Lines
11:14 Town Watch
15:10 Castle Age
15:57 Wheelbarrow
15:52 Double-Bit Axe
16:01 Gillnets
17:56 Hand Cart
18:37 Bow Saw
20:40 Gold Mining
20:42 Stone Mining
23:27 Fletching
24:31 Gold Shaft Mining
23:40 Horse Collar
26:43 Scale Mail Armor
28:08 Chain Mail Armor
29:25 Bodkin Arrow
30:58 Forging
35:17 Imperial Age
34:22 Iron Casting
34:20 Ballistics
34:11 Masonry
35:44 Stone Shaft Mining
34:37 Hamask
36:31 Plate Mail Armor
35:44 Elite Jomsviking
36:32 Squires
36:19 Gambesons
36:20 Arson
38:26 Blast Furnace
37:50 Conscription
38:48 Heavy Plow
40:39 Bracer
41:58 Chemistry
52:51 Hoardings
55:21 Northmen's Fury
johnnyboy
5:36 Loom
10:55 Feudal Age
14:49 Town Watch
19:26 Castle Age
21:08 Double-Bit Axe
36:05 Horse Collar
38:40 Wheelbarrow
43:20 Hand Cart
46:38 Imperial Age
45:16 Bow Saw
45:08 Heavy Plow
47:45 Supremacy
47:46 Conscription
47:08 Elite Conquistador
48:06 Gold Mining
48:06 Stone Mining
50:20 Two-Man Saw
49:46 Bloodlines
49:36 Husbandry
50:48 Padded Archer Armor
50:39 Fletching
51:32 Stone Shaft Mining
52:21 Chemistry
51:32 Masonry
52:07 Leather Archer Armor
54:08 Ring Archer Armor
53:33 Bodkin Arrow
55:21 Hoardings
l3av3x
6:38 Loom
11:30 Feudal Age
15:02 Castle Age
13:18 Double-Bit Axe
13:50 Horse Collar
16:40 Town Watch
17:35 Fletching
21:28 Wheelbarrow
24:51 Bow Saw
26:04 Forging
26:51 Scale Barding Armor
27:38 Hand Cart
32:12 Imperial Age
30:27 Heavy Plow
30:18 Gold Mining
31:10 Stone Mining
32:28 Chain Barding Armor
33:11 Iron Casting
32:49 Masonry
34:19 Two-Man Saw
34:13 Fortified Wall
34:36 Crop Rotation
35:33 Blast Furnace
36:01 Chemistry
34:57 Capped Ram
36:02 Conscription
37:24 Architecture
36:57 Husbandry
37:08 Bloodlines
36:54 Elite Jarl
38:17 Bodkin Arrow
38:58 Plate Barding Armor
40:14 Bracer
41:29 Squires
41:15 Gambesons
41:31 Scale Mail Armor
43:11 Stone Shaft Mining
43:45 Chain Mail Armor
43:48 Siege Ram
44:54 Siege Engineers
45:52 Plate Mail Armor
48:05 Caravan
47:48 Treadmill Crane
48:28 Ballistics
47:42 Gothikon
49:30 Siege Ram
52:09 Light Cavalry
52:14 Cavalier
52:16 Vendel Legacy
Newlife
5:14 Loom
9:57 Loom
12:33 Feudal Age
14:04 Wheelbarrow
13:30 Double-Bit Axe
13:27 Fishing Lines
19:30 Castle Age
17:40 Gold Mining
19:11 Bloodlines
19:48 Scale Barding Armor
19:55 Forging
22:48 Chain Barding Armor
23:02 Pikeman
23:56 Horse Collar
25:11 Bow Saw
28:00 Scale Mail Armor
29:26 Stone Mining
41:17 Hand Cart
41:33 Heavy Plow
47:59 Caravan
51:32 Imperial Age
50:19 Town Watch
51:14 Elite Skirmisher
52:36 Guilds
54:25 Chemistry
53:45 Ballistics
53:36 Masonry
53:21 Fletching
53:31 Padded Archer Armor
54:42 Two-Man Saw
54:28 Bodkin Arrow
55:58 Leather Archer Armor
pNaStY- oG.
3:18 Loom
9:57 Feudal Age
14:40 Castle Age
12:41 Double-Bit Axe
13:37 Stone Mining
15:21 Fletching
18:51 Bow Saw
20:18 Gold Mining
20:15 Horse Collar
20:45 Fishing Lines
21:40 Town Watch
22:41 Padded Archer Armor
26:16 Wheelbarrow
27:04 Bodkin Arrow
27:26 Paiks
28:10 Husbandry
29:02 Forging
32:47 Imperial Age
31:21 Bloodlines
32:23 Ballistics
33:36 Gold Shaft Mining
35:27 Bracer
35:43 Leather Archer Armor
34:56 Elite Ratha (Ranged)
36:10 Scale Mail Armor
36:44 Conscription
42:28 Ring Archer Armor
45:50 Chemistry
50:09 Chain Mail Armor
50:30 Iron Casting
CSA_HW_Mercer
11:33 Feudal Age
12:40 Double-Bit Axe
21:26 Castle Age
19:56 Fletching
20:32 Horse Collar
22:28 Bodkin Arrow
22:46 Medium Warships
23:38 Bow Saw
25:53 Wheelbarrow
25:22 Heavy Plow
29:23 Imperial Age
26:42 Loom
28:26 Hand Cart
29:23 Padded Archer Armor
29:51 Gold Mining
29:51 Stone Mining
30:17 Bracer
31:28 Two-Man Saw
31:18 Leather Archer Armor
31:53 Ballistics
33:05 Ring Archer Armor
33:03 Thumb Ring
35:38 Conscription
34:42 Elite Elephant Archer
36:07 Town Watch
42:29 Wootz Steel
42:47 Forging
42:38 Scale Mail Armor
42:36 Pikeman
43:19 Gambesons
43:22 Man-at-Arms
44:12 Squires
44:45 Squires
46:14 Halberdier
46:39 Arson
46:36 Long Swordsman
47:31 Two-Handed Swordsman
48:19 Champion
49:50 Elite Urumi Swordsman
52:19 Iron Casting
51:59 Chain Mail Armor
Teejay Gatsby
8:59 Loom
11:42 Feudal Age
15:51 Castle Age
14:13 Double-Bit Axe
14:36 Man-at-Arms
15:23 Scale Mail Armor
15:54 Long Swordsman
16:51 Chain Mail Armor
18:17 Arson
18:42 Horse Collar
21:13 Forging
22:01 Scale Barding Armor
23:53 Husbandry
26:57 Bloodlines
30:05 Iron Casting
32:21 Wheelbarrow
37:28 Imperial Age
36:29 Squires
37:40 Chain Barding Armor
37:30 Heavy Camel Rider
39:30 Plate Barding Armor
39:23 Two-Handed Swordsman
40:28 Champion
41:41 Plate Mail Armor
42:21 Hand Cart
41:52 Town Watch
48:01 Farimba
49:16 Light Cavalry
灯窝森曾瑞卜药方松滴
8:55 Loom
11:19 Feudal Age
13:06 Fishing Lines
15:33 Castle Age
14:16 Double-Bit Axe
14:25 Fletching
14:44 Gold Mining
15:21 Horse Collar
18:41 Bodkin Arrow
19:20 Coinage
21:06 Bow Saw
25:12 Imperial Age
24:01 Heavy Plow
24:37 Gold Shaft Mining
24:51 Clinker Construction
25:03 Ballistics
24:56 Careening
25:58 Gillnets
27:54 Chemistry
29:39 Carvel Hull
29:22 Caravan
30:46 Stone Mining
36:50 Two-Man Saw
41:58 Town Watch
42:20 Elite Longship
45:16 Banking
45:27 Crop Rotation
57:02 Guard Tower
56:58 Arrowslits
57:09 Murder Holes
56:55 Treadmill Crane
57:15 Murder Holes
57:07 Arrowslits
57:12 Guard Tower
57:26 Bracer
Connection lost

Rejoining the realm…

Still unreachable

The connection could not be restored.

Session expired

The server has moved on; the page needs a fresh start.